AoeStats
← Ockda_Nakis

Arabian Desert

510101336Analyzed
1v1 RM · 2d ago on Sep 29, 2026· 35m 54s· 2 players
Game mode
Random Map
Map size
Tiny (2 player)
Population
200
Speed
Normal
Resources
Standard
Victory
Conquest
Starting age
Dark Age
Ending age
Imperial Age
RankedLock teamsTeams togetherTeam positionsShared explorationLock speedFull tech treeHidden civsTurbo modeCheats
Victory
Defeat
🇪🇸 Magyars · Spain
1122
+14
🇨🇳 Varangians · China
1085
-14
603337122
6:12 Loom
9:27 Feudal Age
13:10 Bloodlines
16:01 Wheelbarrow
19:47 Double-Bit Axe
23:51 Castle Age
24:01 Scale Mail Armor
24:09 Scale Barding Armor
23:58 Gold Mining
23:55 Horse Collar
26:14 Chain Barding Armor
25:45 Pikeman
27:27 Husbandry
28:13 Fletching
33:20 Light Cavalry
35:28 Hand Cart
Ockda_Nakis
6:50 Loom
9:30 Feudal Age
10:13 Double-Bit Axe
24:39 Castle Age
23:24 Fletching
23:47 Bloodlines
23:35 Horse Collar
24:23 Padded Archer Armor
25:28 Thumb Ring
25:19 Bodkin Arrow
26:10 Wheelbarrow
25:20 Town Watch
25:53 Husbandry
27:29 Leather Archer Armor
34:19 Ballistics
Connection lost

Rejoining the realm…

Still unreachable

The connection could not be restored.

Session expired

The server has moved on; the page needs a fresh start.